 Dungeon Crawl Stone Soup version 0.22.1-1-ga44c0e56f4 (webtiles) character file.

46 MeekVeins the Poker (level 3, 0/28 HPs)
             Began as a Merfolk Skald on Sept 21, 2018.
             Slain by a worm (1 damage)
             ... on level 1 of the Dungeon.
             The game lasted 00:08:07 (1568 turns).

MeekVeins the Poker (Merfolk Skald)                 Turns: 1568, Time: 00:08:07

Health: 0/28       AC:  4    Str: 11    XL:     3   Next: 66%
Magic:  6/6        EV: 12    Int: 13    God:
Gold:   0          SH:  0    Dex: 13    Spells: 3/6 levels left

rFire    . . .     SeeInvis .   a - +0 spear
rCold    . . .     Gourm    .   (no shield)
rNeg     . . .     Faith    .   b - +0 leather armour
rPois    .         Spirit   .   (helmet restricted)
rElec    .         Reflect  .   (no cloak)
rCorr    .         Harm     .   (no gloves)
MR       .....     Rnd*Rage +   (no boots)
Stlth    +.........             (no amulet)
HPRegen  0.09/turn              (no ring)
MPRegen  0.10/turn              (no ring)

@: no status effects
A: change form in water, swift swim, stealthy swim, antennae 1, rugged brown
scales 1, berserk 1, MP-powered wands
a: no special abilities


You were on level 1 of the Dungeon.
You were hungry.

You visited 1 branch of the dungeon, and saw 2 of its levels.

Inventory:

Hand Weapons
 a - a +0 spear (weapon)
Armour
 b - a +0 leather armour (worn)
 D - a cursed -1 shield
Scrolls
 B - a scroll of amnesia {unknown}
Potions
 F - a potion of curing {unknown}
 G - a potion of brilliance {unknown}
 H - a potion of agility {unknown}
 I - a potion of ambrosia {unknown}
 J - a potion of mutation {!q}
 K - a potion of heal wounds {unknown}
 L - a potion of flight {unknown}
Comestibles
 z - 3 rations


   Skills:
 + Level 2.9 Fighting
 * Level 4.8 Polearms
 - Level 0.6 Armour
 - Level 3.0 Dodging
 - Level 2.0 Spellcasting
 - Level 3.2 Charms
 - Level 0.2 Translocations


You had 3 spell levels left.
You knew the following spells:

 Your Spells              Type           Power        Failure   Level  Hunger
a - Infusion              Chrm           #...         9%          1    ##.....
x - Shroud of Golubria    Chrm/Tloc      #.........   24%         2    ###....

Your spell library contained the following spells:

 Spells                   Type           Power        Failure   Level  Hunger
 Song of Slaying          Chrm           #.......     13%         2    ###....
 Regeneration             Chrm/Necr      #.........   45%         3    ####...
 Spectral Weapon          Hex/Chrm       #.......     45%         3    ####...


Dungeon Overview and Level Annotations

Branches:
Dungeon (2/15)

Altars:


Innate Abilities, Weirdness & Mutations

You revert to your normal form in water.
You are very nimble and swift while swimming.
You are very stealthy in the water. (Stealth+)
You have a pair of small antennae on your head.
You are partially covered in rugged brown scales. (AC +1, +3% HP)
You tend to lose your temper in combat.
You expend magic power (3 MP) to strengthen your wands.


Message History

The leopard gecko bites you but does no damage.
The worm bites you!
* * * LOW HITPOINT WARNING * * *
You barely miss the leopard gecko.
The leopard gecko is severely wounded.
The leopard gecko bites you.
* * * LOW HITPOINT WARNING * * *
You completely miss the leopard gecko.
The leopard gecko is severely wounded.
You are feeling hungry.
The leopard gecko bites you.
* * * LOW HITPOINT WARNING * * *
The worm closely misses you.
It was a potion of mutation.
You feel extremely strange.
Rugged brown scales grow over part of your body.
You feel a little pissed off.
You feel your magical essence link to your wands.
A pair of antennae grows on your head! The leopard gecko closely misses you.
The worm bites you.
You die...

####### #.....#
#.....#
##########.....###
...............w@#
##########.....#l#
#### #####.....#.#
)..# #.........#.#
##.# #.###.....#.#
#.# #.# #.....#.#
#.# #.# #.....#.#
##.###.# #.....#.#
.....#.#
##.####.###


You could see a worm and a leopard gecko.

Vanquished Creatures
  A dart slug (D:1)
  A ball python (D:1)
  3 bats (D:1)
  A giant cockroach (D:1)
  4 goblins (D:1)
  5 hobgoblins (D:1)
  11 jackals (D:1)
  3 frilled lizards (D:1)
  4 kobolds (D:1)
  4 rats (D:1)
37 creatures vanquished.

Notes
Turn   | Place    | Note
-------+----------+-------------------------------------------
     0 | D:1      | MeekVeins the Merfolk Skald began the quest for the Orb.
     0 | D:1      | Reached XP level 1. HP: 16/16 MP: 3/3
   116 | D:1      | Reached XP level 2. HP: 17/23 MP: 0/5
   120 | D:1      | Reached skill level 3 in Dodging
   348 | D:1      | Learned a level 2 spell: Shroud of Golubria
   587 | D:1      | Reached skill level 4 in Polearms
   689 | D:1      | Reached XP level 3. HP: 25/28 MP: 2/6
  1567 | D:1      | HP: 1/28 [leopard gecko (4)]
  1568 | D:1      | Gained mutation: You are partially covered in rugged brown
                  | scales. (AC +1, +3% HP) [potion of mutation]
  1568 | D:1      | Gained mutation: You tend to lose your temper in combat.
                  | [potion of mutation]
  1568 | D:1      | Gained mutation: You expend magic power (3 MP) to
                  | strengthen your wands. [potion of mutation]
  1568 | D:1      | Gained mutation: You have a pair of small antennae on your
                  | head. [potion of mutation]
  1568 | D:1      | Slain by a worm

Skill      XL: |  1  2 |
---------------+-------+-----
Dodging        | 3 |  3.0
Polearms       | 4 |  4.8
Fighting       | |  2.9
Armour         | |  0.6
Spellcasting   | |  2.0
Charms         | |  3.2
Translocations | |  0.2

Action                   || total
-------------------------++-------
Melee: Spear             ||   143
 Cast: Infusion          ||     6
       Shroud of Golubri ||     1
  Use: Potion            ||     1
  Eat: Chunk             ||     2
Armor: Leather armour    ||    24
Dodge: Dodged            ||    74
